 Dungeon Crawl Stone Soup version 0.31-a0-702-gf82c85558f (webtiles) character file.

Game seed: 17262266214607679352

134 qw the Shooter (level 5, -1/32 HPs)
             Began as a Gargoyle Hunter on Sept 8, 2023.
             Slain by a gnoll
             ... wielding a +0 spear
              (4 damage)
             ... on level 3 of the Dungeon.
             The game lasted 00:00:44 (1175 turns).

qw the Shooter (Gargoyle Hunter)                    Turns: 1175, Time: 00:00:44

Health: -1/32      AC: 10    Str: 15    XL:     5   Next: 17%
Magic:  5/5        EV: 11    Int:  9    God:
Gold:   109        SH:  0    Dex: 15    Spells: 4/4 levels left

rFire   . . .        Y - +0 shortbow
rCold   . . .        (shield currently unavailable)
rNeg    + . .        b - +0 ring mail
rPois   inf          j - +0 helmet
rElec   +            (no cloak)
rCorr   .            (no gloves)
SInv    .            (no boots)
Will    .....        (no amulet)
Stlth   +            (no ring)
HPRegen 0.25/turn    (no ring)
MPRegen 0.09/turn

%: no passive effects
@: no status effects
A: sickness immunity, AC +4, negative energy resistance 1, electricity
resistance, torment resistance 1, petrification resistance
a: no special abilities


You were on level 3 of the Dungeon.
You visited 1 branch of the dungeon, and saw 3 of its levels.

You collected 109 gold pieces.


Innate Abilities, Weirdness & Mutations

You are immune to sickness and miasma.
Your stone body is resilient. (AC +4)
You are immune to poison.
You resist negative energy. (rN+)
You are resistant to electric shocks. (rElec)
You are resistant to unholy torment.
You are immune to petrification.


   Skills:
 - Level 3.0 Fighting
 + Level 5.8 Ranged Weapons
 - Level 1.0 Armour
 - Level 1.5 Dodging
 - Level 1.1 Stealth


You had 4 spell levels left.
You didn't know any spells.
Your spell library was empty.

Inventory:

Hand Weapons
 Y - a +0 shortbow (weapon)
Armour
 b - a +0 ring mail (worn)
 j - a +0 helmet (worn)
Scrolls
 f - a scroll of identify
Potions
 e - a potion of mutation {unknown}
 g - a potion of curing
 h - 2 potions of heal wounds {unknown}
 l - a potion of invisibility {unknown}

Dungeon Overview and Level Annotations

Branches:
Dungeon (3/15)

Altars:
Qazlal


Message History

The arrow hits the gnoll but does no damage.
The gnoll closely misses you.
You shoot an arrow. The arrow closely misses the gnoll.
The gnoll hits you but does no damage.
The gnoll hits you from afar with a +0 halberd.
You shoot an arrow. The arrow hits the gnoll.
The gnoll is lightly wounded.
The gnoll completely misses you. The gnoll barely misses you.
You shoot an arrow. The arrow hits the gnoll.
The gnoll is lightly wounded.
The gnoll hits you but does no damage. The gnoll misses you.
You shoot an arrow. The arrow barely misses the goblin.
The gnoll misses you. The goblin hits you but does no damage.
The gnoll hits you from afar with a +0 spear.
The goblin hits you with a +0 dagger.
The gnoll hits you from afar with a +0 halberd.
The gnoll hits you but does no damage.
You shoot an arrow. The arrow misses the goblin.
The goblin barely misses you. The gnoll barely misses you.
The gnoll closely misses you.
You shoot an arrow. The arrow hits the goblin!
You kill the goblin!
The gnoll hits you but does no damage.
The gnoll hits you from afar with a +0 halberd.
You shoot an arrow. The arrow barely misses the gnoll.
The gnoll hits you from afar with a +0 halberd!
The gnoll hits you but does no damage.
You shoot an arrow.
The arrow hits the gnoll but does no damage.
The gnoll is lightly wounded.
The gnoll hits you but does no damage.
The gnoll hits you from afar with a +0 spear.
You shoot an arrow. The arrow closely misses the gnoll.
The gnoll closely misses you.
The gnoll hits you from afar with a +0 spear.
The gnoll barely misses you. The gnoll hits you but does no damage.
You shoot an arrow. The arrow hits the gnoll.
The gnoll is moderately wounded.
The gnoll hits you from afar with a +0 spear.
You die...

..........#......#
..........#......#
..........#......####
..........#.........#
.............>......#
.########...........#
%########%.......####
%%......)........#
........).......@###
...........#..).).g....#
...........#......g....#
...........#...........#
...........#...........#
...........#...........#
...........#.....:.....#
.......#...........#
#........


You could see 2 gnolls.

Vanquished Creatures
  4 gnolls (D:3)
  2 adders (D:2)
  3 worms (D:2)
  2 dart slugs (D:1)
  2 orcs (D:3)
  4 endoplasms
  7 giant cockroaches
  6 goblins
  3 hobgoblins
  7 jackals
  3 quokkas
  3 ball pythons
  3 bats
  4 kobolds
  6 rats
59 creatures vanquished.

Notes
Turn   | Place    | Note
-------+----------+-------------------------------------------
     0 | D:1      | qw the Gargoyle Hunter began the quest for the Orb.
     0 | D:1      | Reached XP level 1. HP: 12/12 MP: 1/1
     0 | D:1      | 0 ||| qw: Version: 0.3-a-76-g4403597
     0 | D:1      | 0 ||| qw: Game counter: 963
     0 | D:1      | 0 ||| qw: Melee chars always use a shield: true
     0 | D:1      | 0 ||| qw: God list: Okawaru
     0 | D:1      | 0 ||| qw: Allow faded altars: false
     0 | D:1      | 0 ||| qw: Do Orc after clearing Dungeon:15 true
     0 | D:1      | 0 ||| qw: Do second Lair branch before Depths: true
     0 | D:1      | 0 ||| qw: Lair rune preference: random
     0 | D:1      | 0 ||| qw: Goals: Normal
     0 | D:1      | 0 ||| PLANNING D:1-11
   155 | D:1      | Reached XP level 2. HP: 17/17 MP: 2/2
   343 | D:1      | Found a stormy altar of Qazlal.
   412 | D:1      | Reached XP level 3. HP: 21/21 MP: 3/3
   494 | D:1      | 494 ||| DROPPING ring of flight.
   495 | D:1      | 495 ||| READING 2 scrolls labelled ZIRYGE LODES.
   496 | D:1      | 496 ||| DROPPING scroll of immolation.
   500 | D:1      | 500 ||| DROPPING scroll of butterflies.
   594 | D:2      | Reached skill level 5 in Ranged Weapons
   758 | D:2      | Reached skill level 3 in Fighting
   844 | D:2      | Reached XP level 4. HP: 28/28 MP: 4/4
   979 | D:2      | 979 ||| UPGRADING to +0 ring mail.
   989 | D:2      | 989 ||| DROPPING +0 leather armour.
   990 | D:2      | 990 ||| UPGRADING to +0 helmet.
   995 | D:2      | 995 ||| READING scroll labelled RUNKINKIBRI.
   996 | D:2      | 996 ||| READING 3 scrolls labelled XAIHEC EMYRUWK.
   997 | D:2      | 997 ||| READING scroll labelled LOASAI BUWISOW.
  1000 | D:2      | 1000 ||| READING scroll labelled OREUDILIXO.
  1001 | D:2      | 1001 ||| DRINKING 2 yellow potions.
  1002 | D:2      | 1002 ||| READING 2 scrolls of identify.
  1002 | D:2      | 1002 ||| IDENTIFYING fizzy dark potion
  1003 | D:2      | 1003 ||| DROPPING potion of degeneration.
  1100 | D:3      | Reached skill level 1 in Armour
  1127 | D:3      | Reached XP level 5. HP: 28/32 MP: 5/5
  1163 | D:3      | 1163 ||| Stepping ~*~*~tactically~*~*~ (outnumbered).
  1172 | D:3      | HP: 8/32 [gnoll/+0 halberd (12)]
  1174 | D:3      | HP: 2/32 [gnoll/+0 spear (4)]
  1175 | D:3      | Slain by a gnoll

Levels and vault maps discovered:
D:1:      dpeg_arrival_lava_altar, layout_rooms, dreamdust_princess_bridge
D:2:      layout_rooms, kennysheep_generic_room_16
D:3:      layout_basic, nicolae_vehumet_radiance

Skill      XL: |  1  2  3  4 |
---------------+-------------+-----
Ranged Weapons | 5 |  5.8
Fighting       | 3 |  3.0
Armour         | 1 |  1.0
Dodging        | |  1.5
Stealth        | |  1.1

Action                     |  1- 3 |  4- 6 || total
---------------------------+-------+-------++-------
   Fire: Shortbow          |   110 |    84 ||   194
    Use: Scroll            |     1 |     5 ||     6
         Potion            |       |     1 ||     1
 Armour: Leather armour    |    11 |     3 ||    14
         Ring mail         |       |    31 ||    31
  Dodge: Dodged            |    18 |    29 ||    47

Table legend:
 A = Non-vault XP
 B = Vault XP
 C = Vault XP percentage of total XP
 D = Non-vault monster count
 E = Vault monster count
 F = Vault count percentage of total count
                 A         B        C        D         E       F
            +---------+---------+-------+---------+---------+-------
      Total |     179 |      13 |   6.8 |      58 |       1 |   1.7
            +---------+---------+-------+---------+---------+-------
        D:1 |      34 |       0 |   0.0 |      18 |       0 |   0.0
        D:2 |      63 |      13 |  17.1 |      24 |       1 |   4.0
        D:3 |      82 |       0 |   0.0 |      16 |       0 |   0.0
            +---------+---------+-------+---------+---------+-------
